 Dungeon Crawl Stone Soup version 0.22.1-1-ga44c0e56f4 (webtiles) character file.

1312 4FPSwarrior the Purveyor of Pain (level 8, -1/59 HPs)
             Began as a Ghoul Necromancer on Oct 25, 2018.
             Was an Initiate of Kikubaaqudgha.
             Slain by Prince Ribbit (15 damage)
             ... on level 6 of the Dungeon.
             The game lasted 00:43:37 (6793 turns).

4FPSwarrior the Purveyor of Pain (GhNe)             Turns: 6793, Time: 00:43:37

Health: -1/59      AC:  7    Str: 12    XL:     8   Next: 58%
Magic:  5/9        EV: 12    Int: 12    God:    Kikubaaqudgha [......]
Gold:   332        SH:  0    Dex: 12    Spells: 3/10 levels left

rFire    . . .     SeeInvis .     - Unarmed
rCold    + + .     Gourm    .   (no shield)
rNeg     + + +     Faith    .   e - +2 robe {rC+}
rPois    ∞         Spirit   .   (no helmet)
rElec    .         Reflect  .   z - +0 cloak
rCorr    .         Harm     .   (no gloves)
MR       .....                  g - +1 pair of boots
Stlth    ++........             (no amulet)
HPRegen  0.00/turn              f - +3 ring of dexterity
MPRegen  0.11/turn              (no ring)

@: about to teleport, rotting
A: rotting body, claws 1, carnivore, cold resistance 1, negative energy
resistance 3, inhibited regeneration, torment resistance, unbreathing
a: Renounce Religion


You were on level 6 of the Dungeon.
You worshipped Kikubaaqudgha.
Kikubaaqudgha was noncommittal.
You were not hungry.

You visited 2 branches of the dungeon, and saw 7 of its levels.

You collected 457 gold pieces.
You spent 125 gold pieces at shops.

Inventory:

Hand Weapons
 F - the +2 rapier "Doiheu" {drain, rElec rPois}
   (You found it on level 5 of the Dungeon)

   A truly terrible weapon, it drains the life of those it strikes.
   It insulates you from electricity.
   It protects you from poison.
Missiles
 d - 232 stones (quivered)
 n - a throwing net
Armour
 e - a +2 robe of cold resistance (worn)
 g - a +1 pair of boots (worn)
 r - a +0 leather armour
 z - a +0 cloak (worn)
 E - a +2 robe of positive energy
Jewellery
 f - a +3 ring of dexterity (left claw)
Wands
 u - a wand of acid (5)
 B - a wand of iceblast (9)
 D - a wand of paralysis (9)
 H - a wand of polymorph (17)
Scrolls
 b - 5 scrolls of remove curse
 i - 2 scrolls of identify
 j - 2 scrolls of amnesia
 k - 3 scrolls of enchant weapon
 m - a scroll of enchant armour
 p - 2 scrolls of fear
 q - 2 scrolls of fog
 w - a scroll of blinking {unknown}
 y - a scroll of immolation {unknown}
 C - a scroll of torment
Potions
 a - 2 potions of agility {unknown}
 l - a potion of degeneration
 o - a potion of mutation {unknown}
 s - 2 potions of might
 t - 3 potions of flight
 v - 4 potions of heal wounds {unknown}
 x - 2 potions of berserk rage
 A - a potion of resistance
 G - a potion of magic {unknown}
Comestibles
 c - 12 rations


   Skills:
 - Level 1.6 Fighting
 - Level 1.7 Dodging
 - Level 2.1 Stealth
 + Level 4.5 Unarmed Combat
 - Level 1.7 Spellcasting
 + Level 1.8 Hexes
 + Level 9.5 Necromancy


You had 3 spell levels left.
You knew the following spells:

 Your Spells              Type           Power        Failure   Level  Hunger
a - Pain                  Necr           ###.         1%          1    ##.....
b - Animate Skeleton      Necr           N/A          1%          1    ##.....
c - Confusing Touch       Hex            #.....       13%         1    ##.....
d - Animate Dead          Necr           N/A          5%          4    #####..

Your spell library contained the following spells:

 Spells                   Type           Power        Failure   Level  Hunger
 Vampiric Draining        Necr           ###.......   1%          3    ####...
 Regeneration             Chrm/Necr      ##........   12%         3    ####...
 Apportation              Tloc           #.....       28%         1    ##.....
 Summon Small Mammal      Summ           #...         28%         1    ##.....


Dungeon Overview and Level Annotations

Branches:
Dungeon (6/15)             Temple (1/1) D:5

Altars:
Cheibriados
Dithmenos
Kikubaaqudgha
Makhleb
Nemelex Xobeh
Okawaru
Qazlal
Sif Muna
Uskayaw
Wu Jian
Zin

Shops:
D:4 (*([?

Annotations:
D:3 2 transporters, StLion's ghost, amateur MiBe
D:6 Prince Ribbit


Innate Abilities, Weirdness & Mutations

Your body is rotting away.
You thrive on raw meat.
You are immune to poison.
You have sharp fingernails.
You are carnivorous and can eat meat at any time.
Your flesh is cold resistant. (rC+)
You are immune to negative energy. (rN+++)
You do not regenerate when monsters are visible.
You are immune to unholy pain and torment.
You can survive without breathing.


Message History

Aiming: Corrosive Bolt
Press: ? - help, Shift-Dir - straight line, f/p - Prince Ribbit
Aim: Prince Ribbit (heavily wounded)
The bolt of acid misses Prince Ribbit.
The orc wizard shouts!
Prince Ribbit misses you. The orc closely misses you.
Evoke which item? (* to show all) (? for menu, Esc to quit)
Aiming: Corrosive Bolt
Press: ? - help, Shift-Dir - straight line, f/p - Prince Ribbit
Aim: Prince Ribbit (heavily wounded)
The bolt of acid misses Prince Ribbit.
Prince Ribbit hits you!
* * * LOW HITPOINT WARNING * * *
Prince Ribbit barely misses you.
The orc wizard mumbles some strange words.
The orc wizard blinks!
The orc closely misses you.
Okay, then.
As you read the scroll of teleportation, it crumbles to dust.
You feel strangely unstable. Prince Ribbit hits you!
You die...
Kikubaaqudgha rasps: "You have failed me!
Welcome... oblivion!"

#...# #.....# ##≈≈ #.#.#
#.....# ##≈≈≈
#...######.....# #≈≈..
##.#.#.......### #≈.##
##.###..####### #≈≈##. #.##
##.# #≈≈#_.
##.###..###########≈≈##.
##.#.F...........##≈.##
##.##@.#.......#.#≈≈..
##.#.#..o.#.##..#.##≈≈≈
#######
#.###..._....#...(.##≈≈
###.....#
##.#>####o#..##.#.#####
.##.###.#####.#####.#..##.#.#
#
.##.#.......................#
#
.##.#.#.####.########...#####
# ......#.##...# #.(.#
.##.....##.### #)..#


You could see Prince Ribbit and 2 orcs.

Vanquished Creatures
  Sigmund (D:5)
  An orc warrior (D:6)
  A black bear (D:5)
  An ogre (D:6)
  2 bullfrogs (D:6)
  A scorpion (D:4)
  A howler monkey (D:5)
  A hound (D:5)
  5 orc wizards
  A centaur skeleton (D:5)
  Jessica (D:2)
  Terence (D:2)
  Natasha (thrice) (D:3)
  2 iguanas
  2 worker ants
  6 adders
  An ooze (D:1)
  An adder skeleton (D:6)
  2 worms (D:4)
  5 leopard geckos
  11 orcs
  2 ball pythons (D:1)
  2 giant cockroaches (D:2)
  9 goblins
  4 hobgoblins
  2 jackals (D:3)
  A quokka (D:5)
  8 bats
  4 frilled lizards
  7 kobolds
  6 rats
95 creatures vanquished.

Vanquished Creatures (collateral kills)
  2 ogres (D:4)
  A hound (D:2)
  Ijyb (D:4)
  An adder skeleton (D:5)
  2 orcs (D:5)
  A giant cockroach (D:2)
  3 bats
  A kobold (D:2)
12 creatures vanquished.

Grand Total: 107 creatures vanquished

Notes
Turn   | Place    | Note
-------+----------+-------------------------------------------
     0 | D:1      | 4FPSwarrior the Ghoul Necromancer began the quest for the
                  | Orb.
     0 | D:1      | Reached XP level 1. HP: 14/14 MP: 2/2
   257 | D:1      | Reached skill level 1 in Unarmed Combat
   274 | D:1      | Reached XP level 2. HP: 17/20 MP: 0/3
  1096 | D:1      | Reached XP level 3. HP: 24/25 MP: 1/4
  1222 | D:2      | Learned a level 1 spell: Animate Skeleton
  1235 | D:2      | Noticed Jessica
  1251 | D:2      | Killed Jessica
  1321 | D:2      | Reached XP level 4. HP: 24/33 MP: 1/5
  1478 | D:2      | Reached skill level 5 in Necromancy
  1502 | D:2      | Noticed Terence
  1513 | D:2      | Killed Terence
  1548 | D:2      | Reached XP level 5. HP: 35/38 MP: 1/6
  2379 | D:3      | Noticed Natasha
  2392 | D:3      | Killed Natasha
  2501 | D:3      | Noticed Natasha
  2514 | D:3      | Killed Natasha
  2611 | D:3      | Noticed Natasha
  2617 | D:3      | Killed Natasha
  2617 | D:3      | Reached skill level 6 in Necromancy
  2701 | D:3      | Reached XP level 6. HP: 39/45 MP: 5/7
  2742 | D:3      | Found a transporter.
  2742 | D:3      | Noticed StLion's ghost (amateur MiBe)
  2744 | D:3      | Found a transporter.
  3229 | D:4      | Found a sparkling altar of Nemelex Xobeh.
  3263 | D:4      | Found Fenuth's Weapon Emporium.
  3288 | D:4      | Noticed Ijyb
  3310 | D:4      | Killed Ijyb
  3468 | D:4      | Found Riss's Antique Armour Shop.
  3501 | D:4      | Found Mismumoc's Magic Scroll Shoppe.
  3508 | D:4      | Bought a scroll of teleportation for 30 gold pieces
  3508 | D:4      | Bought a scroll of identify for 20 gold pieces
  3508 | D:4      | Bought a scroll of torment for 75 gold pieces
  3561 | D:4      | Found Zouz's Antique Weapon Shop.
  3636 | D:4      | Reached skill level 7 in Necromancy
  3638 | D:4      | Found Urushum's Assorted Antiques.
  3723 | D:3      | Reached XP level 7. HP: 42/50 MP: 8/8
  3805 | D:4      | Found an ornate altar of the Wu Jian Council.
  3831 | D:4      | Found a burning altar of Makhleb.
  4237 | D:5      | Entered Level 5 of the Dungeon
  4247 | D:5      | Found a staircase to the Ecumenical Temple.
  4256 | Temple   | Entered the Ecumenical Temple
  4270 | Temple   | Became a worshipper of Kikubaaqudgha
  4325 | D:5      | Reached skill level 8 in Necromancy
  4400 | D:5      | Learned a level 1 spell: Confusing Touch
  4405 | D:5      | Learned a level 4 spell: Animate Dead
  4604 | D:5      | Found a sparkling altar of Nemelex Xobeh.
  4604 | D:5      | Noticed Sigmund
  4665 | D:5      | Got a brightly glowing rapier
  4666 | D:5      | Identified the +2 rapier "Doiheu" {drain, rElec rPois} (You
                  | found it on level 5 of the Dungeon)
  5285 | D:5      | Killed Sigmund
  5285 | D:5      | Reached skill level 9 in Necromancy
  5285 | D:5      | Reached XP level 8. HP: 57/57 MP: 2/9
  5408 | D:5      | Found a shadowy altar of Dithmenos.
  5408 | D:5      | Found an iron altar of Okawaru.
  5408 | D:5      | Found a stormy altar of Qazlal.
  5526 | D:6      | Found a snail-covered altar of Cheibriados.
  6106 | D:6      | Reached skill level 1 in Fighting
  6106 | D:6      | Reached skill level 1 in Hexes
  6120 | D:6      | Noticed Prince Ribbit
  6426 | D:6      | Found a glowing silver altar of Zin.
  6541 | D:6      | Found a deep blue altar of Sif Muna.
  6793 | D:6      | Slain by Prince Ribbit

Skill      XL: |  1  2  3  4  5  6  7  8 |
---------------+-------------------------+-----
Unarmed Combat | 1 2 3 4 |  4.5
Necromancy     | 5 6 7 9 |  9.5
Fighting       | 1 |  1.6
Hexes          | 1 |  1.8
Dodging        | |  1.7
Stealth        | |  2.1
Spellcasting   | |  1.7

Action                   |  1- 3 |  4- 6 |  7- 9 || total
-------------------------+-------+-------+-------++-------
Melee: Unarmed           |    39 |    92 |   102 ||   233
       Punch             |       |       |     3 ||     3
Throw: Stone             |     8 |    14 |    31 ||    53
 Cast: Pain              |    44 |    78 |    91 ||   213
       Animate Skeleton  |     2 |    19 |     9 ||    30
Evoke: Wand              |       |       |     5 ||     5
  Use: Scroll            |       |    10 |     6 ||    16
       Potion            |       |     1 |     1 ||     2
 Stab: Distracted        |       |     1 |     1 ||     2
       Paralysed         |       |       |     6 ||     6
  Eat: Chunk             |     6 |    22 |    21 ||    49
Armor: Robe              |    19 |     9 |    13 ||    41
       Leather armour    |       |    18 |    26 ||    44
Dodge: Dodged            |    39 |    71 |    92 ||   202
